Senators vs Atomiques

Created - January 17, 2018 at 22:44

Goals
1 2 3 T
Senators 0 2 3 5
Atomiques 0 1 2 3
Shots
1 2 3 T
Senators 5 10 19 34
Atomiques 5 12 12 29

1st period

No Goal

Penalties :
Eric Mestery (STB) for Slashing (Minor) at 4:33, Chris Thorburn (BIN) for Holding (Minor) at 18:30

2nd period

1. Senators , Gabriel Bourque 20 (Matt Frattin 17, Tommy Wingels 25) at 10:50
2. Senators , Gabriel Landeskog 17 (Stephane Da Costa 30) at 13:11 (PP)
3. Atomiques , Mitch Callahan 4 (Steve McCarthy 17, Dwight King 17) at 17:27

Penalties :
Tomas Jurco (BIN) for Hooking (Minor) at 2:16, Brett Sutter (STB) for Kneeing (Minor) at 13:09, Keegan Lowe (BIN) for Interference (Minor) at 18:46

3rd period

4. Atomiques , Corey Tropp 13 (Kenndal McArdle 19, Davis Drewiske 19) at 0:32 (PP)
5. Senators , Chris Thorburn 31 (Keegan Lowe 3) at 7:32
6. Senators , Patrick Bordeleau 12 (Marc-André Bernier 18, Nicolas Deslauriers 18) at 8:27
7. Atomiques , Kenndal McArdle 24 (Davis Drewiske 20, Steve McCarthy 18) at 14:06
8. Senators , Stephane Da Costa 29 (Gabriel Landeskog 23) at 16:58

Penalties :
Patrick Wey (BIN) for Holding (Minor) at 0:54, Chris Thorburn (BIN) for Hooking (Minor) at 3:22, Brett Sutter (STB) for Roughing (Minor) at 9:25, Sergei Bobrovsky (STB) for Delaying the game (Minor) at 9:30 - Davis Drewiske served the penalty, Patrick Wey (BIN) for Hooking (Minor) at 11:12

Goalie Stats

Brad Thiessen (BIN), 26 saves from 29 shots - (0.897), W, 21-9-1, 60:00 minutes
Sergei Bobrovsky (STB), 29 saves from 34 shots - (0.853), L, 18-7-2, 60:00 minutes

Players Stats for Senators

Player Name              G  A  P  +/- PIM S  H  SB GA TA FO     MP     PP MP  PK MP  
------------------------------------------------------------------------------------
Chandler Stephenson      0  0  0   0  0   0  0  0  0  0  0/0     0:19   0:00   0:00 
Chris Thorburn           1  0  1   2  4   4  6  0  1  0  0/0    19:23   2:08   2:03 
Dylan Blujus             0  0  0   2  0   1  1  2  0  0  0/0    10:42   0:00   0:00 
Freddie Hamilton         0  0  0   0  0   0  0  0  0  0  0/0     0:00   0:00   0:00 
Gabriel Bourque          1  0  1   1  0   5  2  0  1  0  1/1    16:48   1:40   3:18 
Gabriel Landeskog        1  1  2   2  0   2  1  0  0  1  0/0    25:01   2:08   7:16 
Jeff Petry               0  0  0   0  0   1  0  0  0  2  0/0    20:03   1:23   3:20 
Keegan Lowe              0  1  1   2  2   0  3  1  0  0  0/0    13:39   0:00   2:39 
Marc-André Bernier       0  1  1  -1  0   5  1  1  0  0  0/2    11:00   0:00   0:00 
Matt Frattin             0  1  1   1  0   0  2  0  0  2  0/0    13:28   1:40   0:00 
Nicolas Deslauriers      0  1  1   0  0   1  0  0  1  1  0/0    20:03   1:23   3:20 
Patrick Bordeleau        1  0  1  -1  0   4  1  0  1  0  0/1    13:13   0:00   2:00 
Patrick Wey              0  0  0   0  4   1  1  1  0  0  0/0    26:18   2:24   5:25 
Phil Di Giuseppe         0  0  0   0  0   0  0  0  0  0  0/0     0:29   0:00   0:00 
Ryan Dzingel             0  0  0   0  0   0  0  0  0  0  0/0     6:39   0:00   0:42 
Shane Prince             0  0  0  -1  0   1  0  0  0  0  1/2    11:00   0:00   0:00 
Shane Sims               0  0  0   0  0   4  1  3  0  2  0/0    29:15   2:25   8:04 
Stephane Da Costa        1  1  2   2  0   3  2  0  1  1  20/48  24:52   2:08   7:08 
Tomas Jurco              0  0  0   0  2   2  4  0  0  0  0/0     6:15   0:00   0:00 
Tommy Wingels            0  1  1   1  0   0  0  0  0  1  5/8    13:28   1:40   0:00 
Zemgus Girgensons        0  0  0   0  0   0  0  0  0  0  0/2     6:18   0:00   0:21 

Players Stats for Atomiques

Player Name              G  A  P  +/- PIM S  H  SB GA TA FO     MP     PP MP  PK MP  
------------------------------------------------------------------------------------
Andrew Kozek             0  0  0  -1  0   2  2  1  0  0  0/0    11:29   0:00   0:00 
Bobby Farnham            0  0  0  -1  0   1  2  0  1  0  0/0    11:29   0:00   0:00 
Brett Sutter             0  0  0  -1  4   0  1  0  0  1  8/10   18:46   4:14   0:00 
Brock McGinn             0  0  0   1  0   2  0  1  0  1  0/1     5:12   0:00   0:00 
Colby Cohen              0  0  0  -1  0   0  1  1  0  0  0/0    10:00   0:00   0:00 
Corey Tropp              1  0  1  -1  0   1  2  1  2  1  1/1    18:47   4:14   0:00 
Darren Kramer            0  0  0  -1  0   0  2  0  0  0  0/5    11:33   0:00   0:07 
Davis Drewiske           0  2  2   0  0   3  1  3  0  0  0/0    27:44   8:04   1:28 
Dwight King              0  1  1   0  0   5  4  0  3  0  2/7    25:26   7:10   2:03 
Eric Gustafsson          0  0  0  -1  0   0  0  1  0  0  0/0     3:06   0:00   0:00 
Eric Mestery             0  0  0  -1  2   0  0  0  0  0  0/0     3:06   0:00   0:00 
Fredrik Claesson         0  0  0   0  0   0  0  0  0  0  0/0     0:57   0:00   0:56 
John Draeger             0  0  0   0  0   0  0  0  0  0  0/0     0:00   0:00   0:00 
Jonas Junland            0  0  0   0  0   2  0  1  1  1  0/0    17:59   3:23   1:19 
Joseph Cramarossa        0  0  0   0  0   0  1  0  0  0  0/0     2:04   0:00   0:00 
Kenndal McArdle          1  1  2  -1  0   2  2  1  0  0  0/2    19:33   4:14   0:47 
Kyle Wharton             0  0  0   0  0   1  0  3  0  0  0/0    17:59   3:23   1:19 
Marc-André Cliche        0  0  0  -1  0   0  0  2  0  0  23/34  20:46   7:07   0:47 
Max McCormick            0  0  0   0  0   0  0  0  0  0  0/0     1:09   0:00   0:44 
Mike Halmo               0  0  0   0  0   0  0  0  0  0  0/0     0:44   0:00   0:00 
Mitch Callahan           1  0  1   1  0   1  1  0  0  0  0/0     5:12   0:00   0:00 
Ryan Shannon             0  0  0  -1  0   4  4  0  2  1  3/4    21:45   7:10   1:38 
Shayne Gostisbehere      0  0  0  -1  0   1  0  0  0  0  0/0    10:17   0:00   0:17 
Steve McCarthy           0  2  2   0  0   4  1  1  1  0  0/0    28:55   8:01   2:41 

3 Stars

1 - Stephane Da Costa (BIN)
2 - Gabriel Landeskog (BIN)
3 - Gabriel Bourque (BIN)

Power Play

Senators - 1 on 4 Attempt(s) - 25.00%
Atomiques - 1 on 6 Attempt(s) - 16.67%

Penalty Kill

Senators - 5 on 6 Attempt(s) - 83.33% - Score 0 goal in Penalty Kill
Atomiques - 3 on 4 Attempt(s) - 75.00% - Score 0 goal in Penalty Kill

Team Stat

Senators - Hits : 25 - Faceoff Wins : 27 - Blocked Shots : 8 - Penalty Minutes : 12
Atomiques - Hits : 24 - Faceoff Wins : 37 - Blocked Shots : 16 - Penalty Minutes : 8

Official

Referees : L'Ecuyer Frederick and Martell Rob
Linesman : Mark Wheler and David Brisebois

Game Notes

No Game Note

Finance

Level 1 -- Attendance: 1403 (70.15%) -- Ticket Income $56,120
Level 2 -- Attendance: 792 (79.20%) -- Ticket Income $15,840
Total Attendance: 2195 (73.17%)
Total Ticket Income: $71,960
Other Income: $3,598
Total Income: $75,558

Senators

5 vs 5 Forward 
   Center                   Left Wing                Right Wing               Time % Phy DF OF 
 1 Stephane Da Costa        Gabriel Landeskog        Chris Thorburn           40     1   2  2  
 2 Tommy Wingels            Gabriel Bourque          Matt Frattin             30     1   2  2  
 3 Shane Prince             Patrick Bordeleau        Marc-André Bernier       20     1   2  2  
 4 Zemgus Girgensons        Ryan Dzingel             Tomas Jurco              10     1   2  2  

5 vs 5 Defense 
   Defense                  Defense                                           Time % Phy DF OF 
 1 Patrick Wey              Shane Sims                                        40     1   2  2  
 2 Jeff Petry               Nicolas Deslauriers                               30     1   2  2  
 3 Dylan Blujus             Keegan Lowe                                       20     1   2  2  
 4 Patrick Wey              Shane Sims                                        10     1   2  2  

PowerPlay Forward 
   Center                   Left Wing                Right Wing               Time % Phy DF OF 
 1 Stephane Da Costa        Gabriel Landeskog        Chris Thorburn           60     1   2  2  
 2 Tommy Wingels            Gabriel Bourque          Matt Frattin             40     1   2  2  

PowerPlay Defense
   Defense                  Defense                                           Time % Phy DF OF 
 1 Patrick Wey              Shane Sims                                        60     1   2  2  
 2 Jeff Petry               Nicolas Deslauriers                               40     1   2  2  

Penalty Kill 4 Players Forward 
   Center                   Wing                     Time % Phy DF OF 
 1 Stephane Da Costa        Gabriel Landeskog        60     1   2  2  
 2 Chris Thorburn           Gabriel Bourque          40     1   2  2  

Penalty Kill 4 Players Defense
   Defense                  Defense                  Time % Phy DF OF 
 1 Patrick Wey              Shane Sims               60     1   2  2  
 2 Jeff Petry               Nicolas Deslauriers      40     1   2  2  

Penalty Kill - 3 Players Forward 
   Forward                                           Time % Phy DF OF 
 1 Stephane Da Costa                                 60     1   2  2  
 2 Gabriel Landeskog                                 40     1   2  2  

Penalty Kill - 3 Players Defense
   Defense                  Defense                  Time % Phy DF OF 
 1 Patrick Wey              Shane Sims               60     1   2  2  
 2 Jeff Petry               Nicolas Deslauriers      40     1   2  2  

4 vs 4 Forward 
   Center                   Wing                     Time % Phy DF OF 
 1 Stephane Da Costa        Gabriel Landeskog        60     1   2  2  
 2 Chris Thorburn           Gabriel Bourque          40     1   2  2  

4 vs 4 Defense
   Defense                  Defense                  Time % Phy DF OF 
 1 Patrick Wey              Shane Sims               60     1   2  2  
 2 Jeff Petry               Nicolas Deslauriers      40     1   2  2  

Last Minutes Offensive
   Center                   Left Wing                Right Wing               Defense                  Defense                  
   Stephane Da Costa        Gabriel Landeskog        Chris Thorburn           Patrick Wey              Shane Sims               

Last Minutes Defensive
   Center                   Left Wing                Right Wing               Defense                  Defense                  
   Stephane Da Costa        Gabriel Landeskog        Chris Thorburn           Patrick Wey              Shane Sims               

Goaltenders
Starting : Brad Thiessen            
Backup : Ben Bishop               

Extra Forwards
Normal : Phil Di Giuseppe, Chandler Stephenson, Patrick Bordeleau - PP : Phil Di Giuseppe, Chandler Stephenson - PK : Patrick Bordeleau
Extra Defensemen
Normal : Dylan Blujus, Keegan Lowe, Jeff Petry - PP : Dylan Blujus - PK : Keegan Lowe, Jeff Petry
Penalty Shots
Stephane Da Costa, Gabriel Landeskog, Chris Thorburn, Gabriel Bourque, Tommy Wingels

Scratches
Logan Stephenson (Healthy), Matt Tomkins (Healthy)

Atomiques

5 vs 5 Forward 
   Center                   Left Wing                Right Wing               Time % Phy DF OF 
 1 Marc-André Cliche        Dwight King              Ryan Shannon             40     1   2  2  
 2 Brett Sutter             Kenndal McArdle          Corey Tropp              30     1   2  2  
 3 Darren Kramer            Andrew Kozek             Bobby Farnham            20     1   2  2  
 4 Dwight King              Brock McGinn             Mitch Callahan           10     1   2  2  

5 vs 5 Defense 
   Defense                  Defense                                           Time % Phy DF OF 
 1 Steve McCarthy           Davis Drewiske                                    40     1   2  2  
 2 Kyle Wharton             Jonas Junland                                     30     1   2  2  
 3 Shayne Gostisbehere      Colby Cohen                                       20     1   2  2  
 4 Eric Mestery             Eric Gustafsson                                   10     1   2  2  

PowerPlay Forward 
   Center                   Left Wing                Right Wing               Time % Phy DF OF 
 1 Marc-André Cliche        Dwight King              Ryan Shannon             60     1   2  2  
 2 Brett Sutter             Kenndal McArdle          Corey Tropp              40     1   2  2  

PowerPlay Defense
   Defense                  Defense                                           Time % Phy DF OF 
 1 Steve McCarthy           Davis Drewiske                                    60     1   2  2  
 2 Kyle Wharton             Jonas Junland                                     40     1   2  2  

Penalty Kill 4 Players Forward 
   Center                   Wing                     Time % Phy DF OF 
 1 Dwight King              Ryan Shannon             60     1   2  2  
 2 Kenndal McArdle          Marc-André Cliche        40     1   2  2  

Penalty Kill 4 Players Defense
   Defense                  Defense                  Time % Phy DF OF 
 1 Steve McCarthy           Davis Drewiske           60     1   2  2  
 2 Kyle Wharton             Jonas Junland            40     1   2  2  

Penalty Kill - 3 Players Forward 
   Forward                                           Time % Phy DF OF 
 1 Dwight King                                       60     1   2  2  
 2 Ryan Shannon                                      40     1   2  2  

Penalty Kill - 3 Players Defense
   Defense                  Defense                  Time % Phy DF OF 
 1 Steve McCarthy           Davis Drewiske           60     1   2  2  
 2 Kyle Wharton             Jonas Junland            40     1   2  2  

4 vs 4 Forward 
   Center                   Wing                     Time % Phy DF OF 
 1 Dwight King              Ryan Shannon             60     1   2  2  
 2 Kenndal McArdle          Marc-André Cliche        40     1   2  2  

4 vs 4 Defense
   Defense                  Defense                  Time % Phy DF OF 
 1 Steve McCarthy           Davis Drewiske           60     1   2  2  
 2 Kyle Wharton             Jonas Junland            40     1   2  2  

Last Minutes Offensive
   Center                   Left Wing                Right Wing               Defense                  Defense                  
   Marc-André Cliche        Dwight King              Ryan Shannon             Steve McCarthy           Davis Drewiske           

Last Minutes Defensive
   Center                   Left Wing                Right Wing               Defense                  Defense                  
   Marc-André Cliche        Dwight King              Ryan Shannon             Steve McCarthy           Davis Drewiske           

Goaltenders
Starting : Sergei Bobrovsky         
Backup : Jeremy Smith             

Extra Forwards
Normal : Joseph Cramarossa, Mike Halmo, Max McCormick - PP : Joseph Cramarossa, Mike Halmo - PK : Max McCormick
Extra Defensemen
Normal : John Draeger, Fredrik Claesson, Shayne Gostisbehere - PP : John Draeger - PK : Fredrik Claesson, Shayne Gostisbehere
Penalty Shots
Dwight King, Ryan Shannon, Kenndal McArdle, Marc-André Cliche, Andrew Kozek

Scratches
Tyler Brenner (Suspend), Andreas Engqvist (Right Eye Injury), Anthony Nigro (Back Spasms Injury), Francois Tremblay (Healthy)

% Time on Ice - Senators

Lines # - Real PCT - Wanted PCT - Time Play
Normal Forward
1 - 35% - 40% - 15:44
2 - 27% - 30% - 11:50
3 - 25% - 20% - 11:00
4 - 13% - 10% - 5:57
Normal Defense
1 - 40% - 40% - 17:47
2 - 34% - 30% - 15:03
3 - 24% - 20% - 10:42
4 - 2% - 10% - 0:59
PP Forward
1 - 56% - 60% - 2:08
2 - 44% - 40% - 1:40
PP Defense
1 - 64% - 60% - 2:25
2 - 36% - 40% - 1:23
PK Forward
1 - 71% - 60% - 8:06
2 - 29% - 40% - 3:18
PK Defense
1 - 71% - 60% - 8:04
2 - 29% - 40% - 3:20
PK3 Forward
1 - 0% - 60%
2 - 0% - 40%
PK3 Defense
1 - 0% - 60%
2 - 0% - 40%
44 Forward
1 - 100% - 60% - 0:17
2 - 0% - 40% - 0:00
44 Defense
1 - 0% - 60% - 0:00
2 - 100% - 40% - 0:17
Last Minute Offensive  - 0:00
Last Minute Defensive  - 0:00
Total
Forward - 60:00
Defense - 60:00

% Time on Ice - Atomiques

Lines # - Real PCT - Wanted PCT - Time Play
Normal Forward
1 - 29% - 40% - 12:53
2 - 34% - 30% - 14:57
3 - 26% - 20% - 11:29
4 - 12% - 10% - 5:12
Normal Defense
1 - 41% - 40% - 18:12
2 - 30% - 30% - 13:13
3 - 22% - 20% - 10:00
4 - 7% - 10% - 3:06
PP Forward
1 - 63% - 60% - 7:10
2 - 37% - 40% - 4:14
PP Defense
1 - 70% - 60% - 8:01
2 - 30% - 40% - 3:23
PK Forward
1 - 63% - 60% - 1:19
2 - 37% - 40% - 0:47
PK Defense
1 - 70% - 60% - 1:28
2 - 30% - 40% - 0:38
PK3 Forward
1 - 83% - 60% - 1:35
2 - 17% - 40% - 0:19
PK3 Defense
1 - 64% - 60% - 1:13
2 - 36% - 40% - 0:41
44 Forward
1 - 100% - 60% - 0:05
2 - 0% - 40% - 0:00
44 Defense
1 - 20% - 60% - 0:01
2 - 80% - 40% - 0:04
Last Minute Offensive  - 0:00
Last Minute Defensive  - 0:00
Total
Forward - 60:00
Defense - 60:00

Play by Play

1st period


0:01 of 1st period - Marc-André Cliche wins face-off versus Stephane Da Costa in neutral zone.
0:12 of 1st period - Snap shot by Stephane Da Costa.
0:12 of 1st period - Shot Misses the Net.
0:14 of 1st period - Snap shot by Chris Thorburn.
0:14 of 1st period - Deflect By Stephane Da Costa.
0:14 of 1st period - Stopped by Sergei Bobrovsky with a rebound.
0:32 of 1st period - Slapshot by Shane Sims.
0:32 of 1st period - Deflect By Matt Frattin.
0:32 of 1st period - Shot Blocked by Kenndal McArdle.
0:32 of 1st period - Puck is out of play.
0:33 of 1st period - Tommy Wingels wins face-off versus Darren Kramer in Atomiques zone.
1:03 of 1st period - Slapshot by Brock McGinn.
1:03 of 1st period - Stopped by Brad Thiessen with a rebound.
1:05 of 1st period - Slapshot by Dwight King.
1:05 of 1st period - Deflect By Brock McGinn.
1:05 of 1st period - Shot Misses the Net.
1:05 of 1st period - Puck is out of play.
1:06 of 1st period - Brett Sutter wins face-off versus Zemgus Girgensons in Senators zone.
2:02 of 1st period - Snap shot by Andrew Kozek.
2:02 of 1st period - Stopped by Brad Thiessen with a rebound.
2:37 of 1st period - Snap shot by Brock McGinn.
2:37 of 1st period - Stopped by Brad Thiessen without a rebound.
2:38 of 1st period - Stephane Da Costa wins face-off versus Marc-André Cliche in Senators zone.
2:50 of 1st period - Snap shot by Dwight King.
2:50 of 1st period - Deflect By Ryan Shannon.
2:50 of 1st period - Stopped by Brad Thiessen with a rebound.
2:52 of 1st period - Slapshot by Dwight King.
2:52 of 1st period - Shot Misses the Net.
3:02 of 1st period - Eric Mestery is hit by Gabriel Bourque and loses puck.
3:49 of 1st period - Dylan Blujus is hit by Dwight King and loses puck.
4:33 of 1st period - Minor Penalty to Eric Mestery for Slashing.
4:34 of 1st period - Dwight King wins face-off versus Stephane Da Costa in Atomiques zone.
4:43 of 1st period - Wrist shot by Chris Thorburn.
4:43 of 1st period - Shot Misses the Net.
5:45 of 1st period - Off-side.
5:46 of 1st period - Stephane Da Costa wins face-off versus Kenndal McArdle in neutral zone.
6:08 of 1st period - Gabriel Bourque is hit by Steve McCarthy and loses puck.
6:33 of 1st period - Penalty to Eric Mestery is over, Eric Mestery is back on ice.
6:48 of 1st period - Slapshot by Marc-André Bernier.
6:48 of 1st period - Shot Misses the Net.
7:37 of 1st period - Off-side.
7:38 of 1st period - Stephane Da Costa wins face-off versus Darren Kramer in neutral zone.
8:11 of 1st period - Wrist shot by Gabriel Bourque.
8:11 of 1st period - Stopped by Sergei Bobrovsky without a rebound.
8:12 of 1st period - Marc-André Cliche wins face-off versus Stephane Da Costa in Atomiques zone.
8:47 of 1st period - Snap shot by Gabriel Bourque.
8:47 of 1st period - Shot Misses the Net.
8:59 of 1st period - Patrick Bordeleau is hit by Dwight King and loses puck.
9:39 of 1st period - Kyle Wharton is hit by Gabriel Landeskog and loses puck.
9:46 of 1st period - Slapshot by Chris Thorburn.
9:46 of 1st period - Shot Blocked by Marc-André Cliche.
11:23 of 1st period - Wrist shot by Patrick Bordeleau.
11:23 of 1st period - Shot Misses the Net.
11:25 of 1st period - Snap shot by Jeff Petry.
11:25 of 1st period - Shot Misses the Net.
11:27 of 1st period - Snap shot by Jeff Petry.
11:27 of 1st period - Shot Blocked by Steve McCarthy.
11:29 of 1st period - Wrist shot by Nicolas Deslauriers.
11:29 of 1st period - Shot Blocked by Davis Drewiske.
11:31 of 1st period - Slapshot by Nicolas Deslauriers.
11:31 of 1st period - Deflect By Marc-André Bernier.
11:31 of 1st period - Stopped by Sergei Bobrovsky without a rebound.
11:32 of 1st period - Brett Sutter wins face-off versus Stephane Da Costa in Atomiques zone.
11:44 of 1st period - Snap shot by Chris Thorburn.
11:44 of 1st period - Shot Misses the Net.
11:58 of 1st period - Shayne Gostisbehere is hit by Matt Frattin and loses puck.
12:07 of 1st period - Wrist shot by Gabriel Bourque.
12:07 of 1st period - Stopped by Sergei Bobrovsky with a rebound.
12:09 of 1st period - Wrist shot by Tommy Wingels.
12:09 of 1st period - Shot Blocked by Eric Gustafsson.
12:38 of 1st period - Stephane Da Costa is hit by Andrew Kozek and loses puck.
12:47 of 1st period - Andrew Kozek is hit by Dylan Blujus and loses puck.
13:30 of 1st period - Shane Sims is hit by Joseph Cramarossa.
13:53 of 1st period - Brett Sutter is hit by Tomas Jurco and loses puck.
14:16 of 1st period - Shayne Gostisbehere is hit by Chris Thorburn and loses puck.
16:23 of 1st period - Kyle Wharton is hit by Chris Thorburn and loses puck.
16:46 of 1st period - Colby Cohen is hit by Tomas Jurco.
17:18 of 1st period - Davis Drewiske is hit by Patrick Wey and loses puck.
17:52 of 1st period - Ryan Shannon is hit by Keegan Lowe and loses puck.
18:09 of 1st period - Bobby Farnham is hit by Tomas Jurco and loses puck.
18:14 of 1st period - Snap shot by Tomas Jurco.
18:14 of 1st period - Stopped by Sergei Bobrovsky without a rebound.
18:15 of 1st period - Brett Sutter wins face-off versus Stephane Da Costa in Atomiques zone.
18:30 of 1st period - Minor Penalty to Chris Thorburn for Holding.
18:31 of 1st period - Stephane Da Costa wins face-off versus Marc-André Cliche in Senators zone.
18:42 of 1st period - Snap shot by Dwight King.
18:42 of 1st period - Stopped by Brad Thiessen without a rebound.
18:43 of 1st period - Stephane Da Costa wins face-off versus Marc-André Cliche in Senators zone.
18:54 of 1st period - Snap shot by Dwight King.
18:54 of 1st period - Shot Misses the Net.
Goals for this period are 0 for Senators vs 0 for Atomiques.
Shots for this period are 5 for Senators vs 5 for Atomiques.

2nd period


0:01 of 2nd period - Marc-André Cliche wins face-off versus Stephane Da Costa in neutral zone.
0:14 of 2nd period - Wrist shot by Ryan Shannon.
0:14 of 2nd period - Shot Misses the Net.
0:30 of 2nd period - Penalty to Chris Thorburn is over, Chris Thorburn is back on ice.
0:36 of 2nd period - Snap shot by Stephane Da Costa.
0:36 of 2nd period - Shot Blocked by Jonas Junland.
0:44 of 2nd period - Snap shot by Stephane Da Costa.
0:44 of 2nd period - Shot Misses the Net.
0:51 of 2nd period - Snap shot by Gabriel Landeskog.
0:51 of 2nd period - Shot Hit the Post.
1:13 of 2nd period - Slapshot by Kenndal McArdle.
1:13 of 2nd period - Shot Blocked by Shane Sims.
1:23 of 2nd period - Slapshot by Shane Sims.
1:23 of 2nd period - Stopped by Sergei Bobrovsky without a rebound.
1:24 of 2nd period - Marc-André Cliche wins face-off versus Tommy Wingels in Atomiques zone.
1:49 of 2nd period - Nicolas Deslauriers is hit by Andrew Kozek and loses puck.
2:16 of 2nd period - Minor Penalty to Tomas Jurco for Hooking.
2:17 of 2nd period - Marc-André Cliche wins face-off versus Stephane Da Costa in Senators zone.
2:17 of 2nd period - Snap shot by Ryan Shannon.
2:17 of 2nd period - Shot Misses the Net.
2:19 of 2nd period - Slapshot by Steve McCarthy.
2:19 of 2nd period - Stopped by Brad Thiessen with a rebound.
2:47 of 2nd period - Patrick Wey is hit by Brett Sutter and loses puck.
3:52 of 2nd period - Shane Sims is hit by Kenndal McArdle and loses puck.
4:16 of 2nd period - Penalty to Tomas Jurco is over, Tomas Jurco is back on ice.
4:22 of 2nd period - Icing by Bobby Farnham.
4:23 of 2nd period - Tommy Wingels wins face-off versus Darren Kramer in Atomiques zone.
4:42 of 2nd period - Tommy Wingels is hit by Darren Kramer and loses puck.
4:53 of 2nd period - Snap shot by Andrew Kozek.
4:53 of 2nd period - Shot Misses the Net.
4:55 of 2nd period - Snap shot by Steve McCarthy.
4:55 of 2nd period - Stopped by Brad Thiessen with a rebound.
4:57 of 2nd period - Snap shot by Davis Drewiske.
4:57 of 2nd period - Shot Blocked by Dylan Blujus.
4:59 of 2nd period - Slapshot by Bobby Farnham.
4:59 of 2nd period - Shot Misses the Net.
5:01 of 2nd period - Snap shot by Bobby Farnham.
5:01 of 2nd period - Shot Misses the Net.
5:03 of 2nd period - Snap shot by Steve McCarthy.
5:03 of 2nd period - Shot Blocked by Keegan Lowe.
5:05 of 2nd period - Backhand shot by Davis Drewiske.
5:05 of 2nd period - Stopped by Brad Thiessen without a rebound.
5:06 of 2nd period - Ryan Shannon wins face-off versus Marc-André Bernier in Senators zone.
5:33 of 2nd period - Kenndal McArdle is hit by Chris Thorburn and loses puck.
5:42 of 2nd period - Wrist shot by Kenndal McArdle.
5:42 of 2nd period - Stopped by Brad Thiessen without a rebound.
5:43 of 2nd period - Stephane Da Costa wins face-off versus Marc-André Cliche in Senators zone.
6:32 of 2nd period - Snap shot by Bobby Farnham.
6:32 of 2nd period - Stopped by Brad Thiessen with a rebound.
7:05 of 2nd period - Off-side.
7:06 of 2nd period - Stephane Da Costa wins face-off versus Dwight King in neutral zone.
7:55 of 2nd period - Snap shot by Bobby Farnham.
7:55 of 2nd period - Deflect By Ryan Dzingel.
7:55 of 2nd period - Shot Blocked by Dylan Blujus.
7:55 of 2nd period - Puck is out of play.
7:56 of 2nd period - Marc-André Cliche wins face-off versus Stephane Da Costa in Senators zone.
8:54 of 2nd period - Darren Kramer is hit by Marc-André Bernier and loses puck.
9:19 of 2nd period - Slapshot by Nicolas Deslauriers.
9:19 of 2nd period - Shot Misses the Net.
9:23 of 2nd period - Wrist shot by Patrick Bordeleau.
9:23 of 2nd period - Stopped by Sergei Bobrovsky with a rebound.
9:25 of 2nd period - Snap shot by Patrick Bordeleau.
9:25 of 2nd period - Stopped by Sergei Bobrovsky without a rebound.
9:26 of 2nd period - Marc-André Cliche wins face-off versus Stephane Da Costa in Atomiques zone.
9:38 of 2nd period - Slapshot by Ryan Shannon.
9:38 of 2nd period - Shot Blocked by Patrick Wey.
9:40 of 2nd period - Slapshot by Davis Drewiske.
9:40 of 2nd period - Shot Misses the Net.
9:42 of 2nd period - Snap shot by Dwight King.
9:42 of 2nd period - Shot Hit the Post.
9:52 of 2nd period - Steve McCarthy is hit by Shane Sims.
10:00 of 2nd period - Wrist shot by Brett Sutter.
10:00 of 2nd period - Shot Blocked by Shane Sims.
10:02 of 2nd period - Backhand shot by Steve McCarthy.
10:02 of 2nd period - Stopped by Brad Thiessen without a rebound.
10:03 of 2nd period - Stephane Da Costa wins face-off versus Ryan Shannon in Senators zone.
10:12 of 2nd period - Wrist shot by Stephane Da Costa.
10:12 of 2nd period - Shot Blocked by Kyle Wharton.
10:28 of 2nd period - Jeff Petry is hit by Darren Kramer and loses puck.
10:42 of 2nd period - Off-side.
10:43 of 2nd period - Gabriel Bourque wins face-off versus Marc-André Cliche in neutral zone.
10:50 of 2nd period - Wrist shot by Gabriel Bourque.
10:50 of 2nd period - Goal by Gabriel Bourque - Senators : 1 - Atomiques : 0.
10:51 of 2nd period - Ryan Shannon wins face-off versus Stephane Da Costa in neutral zone.
11:21 of 2nd period - Slapshot by Jonas Junland.
11:21 of 2nd period - Shot Hit the Post.
11:43 of 2nd period - Slapshot by Shane Sims.
11:43 of 2nd period - Stopped by Sergei Bobrovsky without a rebound.
11:44 of 2nd period - Stephane Da Costa wins face-off versus Marc-André Cliche in Atomiques zone.
12:31 of 2nd period - Wrist shot by Gabriel Bourque.
12:31 of 2nd period - Stopped by Sergei Bobrovsky without a rebound.
12:32 of 2nd period - Tommy Wingels wins face-off versus Brock McGinn in Atomiques zone.
12:39 of 2nd period - Snap shot by Tommy Wingels.
12:39 of 2nd period - Shot Misses the Net.
12:41 of 2nd period - Slapshot by Patrick Wey.
12:41 of 2nd period - Shot Blocked by Brock McGinn.
12:43 of 2nd period - Snap shot by Matt Frattin.
12:43 of 2nd period - Shot Misses the Net.
12:45 of 2nd period - Slapshot by Shane Sims.
12:45 of 2nd period - Shot Misses the Net.
12:47 of 2nd period - Slapshot by Patrick Wey.
12:47 of 2nd period - Stopped by Sergei Bobrovsky without a rebound.
12:48 of 2nd period - Corey Tropp wins face-off versus Stephane Da Costa in Atomiques zone.
13:09 of 2nd period - Minor Penalty to Brett Sutter for Kneeing.
13:10 of 2nd period - Stephane Da Costa wins face-off versus Dwight King in Atomiques zone.
13:11 of 2nd period - Snap shot by Gabriel Landeskog.
13:11 of 2nd period - Goal by Gabriel Landeskog - Senators : 2 - Atomiques : 0.
13:12 of 2nd period - Marc-André Cliche wins face-off versus Stephane Da Costa in neutral zone.
13:17 of 2nd period - Wrist shot by Dwight King.
13:17 of 2nd period - Stopped by Brad Thiessen with a rebound.
13:37 of 2nd period - Tommy Wingels is hit by Davis Drewiske and loses puck.
14:11 of 2nd period - Snap shot by Nicolas Deslauriers.
14:11 of 2nd period - Deflect By Patrick Bordeleau.
14:11 of 2nd period - Stopped by Sergei Bobrovsky with a rebound.
14:45 of 2nd period - Ryan Dzingel is hit by Dwight King and loses puck.
14:56 of 2nd period - Slapshot by Ryan Dzingel.
14:56 of 2nd period - Shot Misses the Net.
15:22 of 2nd period - Marc-André Bernier is hit by Bobby Farnham and loses puck.
15:26 of 2nd period - Icing by Marc-André Bernier.
15:27 of 2nd period - Brett Sutter wins face-off versus Patrick Bordeleau in Senators zone.
15:34 of 2nd period - Snap shot by Brett Sutter.
15:34 of 2nd period - Deflect By Corey Tropp.
15:34 of 2nd period - Shot Blocked by Marc-André Bernier.
15:34 of 2nd period - Puck is out of play.
15:35 of 2nd period - Stephane Da Costa wins face-off versus Brett Sutter in Senators zone.
15:42 of 2nd period - Snap shot by Gabriel Landeskog.
15:42 of 2nd period - Stopped by Sergei Bobrovsky without a rebound.
15:43 of 2nd period - Marc-André Cliche wins face-off versus Stephane Da Costa in Atomiques zone.
15:43 of 2nd period - Marc-André Cliche is hit by Stephane Da Costa.
15:53 of 2nd period - Slapshot by Ryan Shannon.
15:53 of 2nd period - Shot Misses the Net.
15:55 of 2nd period - Slapshot by Jonas Junland.
15:55 of 2nd period - Stopped by Brad Thiessen with a rebound.
15:59 of 2nd period - Snap shot by Ryan Shannon.
15:59 of 2nd period - Shot Blocked by Shane Sims.
16:09 of 2nd period - Matt Frattin is hit by Corey Tropp and loses puck.
16:16 of 2nd period - Wrist shot by Kenndal McArdle.
16:16 of 2nd period - Deflect By Corey Tropp.
16:16 of 2nd period - Shot Misses the Net.
16:16 of 2nd period - Puck is out of play.
16:17 of 2nd period - Marc-André Cliche wins face-off versus Tommy Wingels in Senators zone.
16:20 of 2nd period - Snap shot by Ryan Shannon.
16:20 of 2nd period - Stopped by Brad Thiessen with a rebound.
16:45 of 2nd period - Shayne Gostisbehere is hit by Chris Thorburn and loses puck.
17:27 of 2nd period - Slapshot by Steve McCarthy.
17:27 of 2nd period - Deflect By Mitch Callahan.
17:27 of 2nd period - Goal by Mitch Callahan - Senators : 2 - Atomiques : 1.
17:28 of 2nd period - Marc-André Cliche wins face-off versus Stephane Da Costa in neutral zone.
17:57 of 2nd period - Off-side.
17:58 of 2nd period - Tommy Wingels wins face-off versus Brett Sutter in neutral zone.
18:01 of 2nd period - Slapshot by Matt Frattin.
18:01 of 2nd period - Deflect By Gabriel Bourque.
18:01 of 2nd period - Shot Blocked by Kyle Wharton.
18:01 of 2nd period - Puck is out of play.
18:02 of 2nd period - Brett Sutter wins face-off versus Tommy Wingels in Atomiques zone.
18:02 of 2nd period - Brett Sutter is hit by Matt Frattin.
18:14 of 2nd period - Kenndal McArdle is hit by Keegan Lowe and loses puck.
18:46 of 2nd period - Minor Penalty to Keegan Lowe for Interference.
18:47 of 2nd period - Stephane Da Costa wins face-off versus Marc-André Cliche in Senators zone.
18:55 of 2nd period - Wrist shot by Dwight King.
18:55 of 2nd period - Shot Misses the Net.
18:57 of 2nd period - Slapshot by Steve McCarthy.
18:57 of 2nd period - Shot Misses the Net.
18:59 of 2nd period - Wrist shot by Marc-André Cliche.
18:59 of 2nd period - Shot Misses the Net.
19:01 of 2nd period - Slapshot by Davis Drewiske.
19:01 of 2nd period - Stopped by Brad Thiessen without a rebound.
19:02 of 2nd period - Marc-André Cliche wins face-off versus Stephane Da Costa in Senators zone.
19:09 of 2nd period - Snap shot by Ryan Shannon.
19:09 of 2nd period - Deflect By Dwight King.
19:09 of 2nd period - Stopped by Brad Thiessen without a rebound.
19:10 of 2nd period - Stephane Da Costa wins face-off versus Marc-André Cliche in Senators zone.
19:21 of 2nd period - Gabriel Landeskog is hit by Ryan Shannon and loses puck.
Goals for this period are 2 for Senators vs 1 for Atomiques.
Shots for this period are 10 for Senators vs 12 for Atomiques.

3rd period


0:01 of 3rd period - Marc-André Cliche wins face-off versus Stephane Da Costa in neutral zone.
0:32 of 3rd period - Wrist shot by Corey Tropp.
0:32 of 3rd period - Goal by Corey Tropp - Senators : 2 - Atomiques : 2.
0:33 of 3rd period - Marc-André Cliche wins face-off versus Stephane Da Costa in neutral zone.
0:54 of 3rd period - Minor Penalty to Patrick Wey for Holding.
0:55 of 3rd period - Stephane Da Costa wins face-off versus Marc-André Cliche in Senators zone.
1:07 of 3rd period - Off-side.
1:08 of 3rd period - Marc-André Cliche wins face-off versus Stephane Da Costa in neutral zone.
1:17 of 3rd period - Slapshot by Davis Drewiske.
1:17 of 3rd period - Stopped by Brad Thiessen without a rebound.
1:18 of 3rd period - Stephane Da Costa wins face-off versus Dwight King in Senators zone.
1:27 of 3rd period - Snap shot by Davis Drewiske.
1:27 of 3rd period - Deflect By Dwight King.
1:27 of 3rd period - Shot Misses the Net.
1:27 of 3rd period - Puck is out of play.
1:28 of 3rd period - Stephane Da Costa wins face-off versus Marc-André Cliche in Senators zone.
1:43 of 3rd period - Slapshot by Dwight King.
1:43 of 3rd period - Stopped by Brad Thiessen without a rebound.
1:44 of 3rd period - Marc-André Cliche wins face-off versus Stephane Da Costa in Senators zone.
1:51 of 3rd period - Wrist shot by Dwight King.
1:51 of 3rd period - Shot Misses the Net.
2:19 of 3rd period - Snap shot by Corey Tropp.
2:19 of 3rd period - Shot Misses the Net.
2:21 of 3rd period - Backhand shot by Steve McCarthy.
2:21 of 3rd period - Stopped by Brad Thiessen without a rebound.
2:22 of 3rd period - Brett Sutter wins face-off versus Stephane Da Costa in Senators zone.
2:35 of 3rd period - Slapshot by Jonas Junland.
2:35 of 3rd period - Stopped by Brad Thiessen without a rebound.
2:36 of 3rd period - Ryan Shannon wins face-off versus Stephane Da Costa in Senators zone.
2:54 of 3rd period - Penalty to Patrick Wey is over, Patrick Wey is back on ice.
3:07 of 3rd period - Wrist shot by Marc-André Bernier.
3:07 of 3rd period - Stopped by Sergei Bobrovsky with a rebound.
3:09 of 3rd period - Slapshot by Shane Sims.
3:09 of 3rd period - Deflect By Corey Tropp.
3:09 of 3rd period - Stopped by Sergei Bobrovsky with a rebound.
3:11 of 3rd period - Slapshot by Shane Sims.
3:11 of 3rd period - Stopped by Sergei Bobrovsky without a rebound.
3:12 of 3rd period - Marc-André Cliche wins face-off versus Stephane Da Costa in Atomiques zone.
3:22 of 3rd period - Minor Penalty to Chris Thorburn for Hooking.
3:23 of 3rd period - Marc-André Cliche wins face-off versus Stephane Da Costa in Senators zone.
3:35 of 3rd period - Snap shot by Dwight King.
3:35 of 3rd period - Stopped by Brad Thiessen with a rebound.
5:22 of 3rd period - Penalty to Chris Thorburn is over, Chris Thorburn is back on ice.
5:31 of 3rd period - Snap shot by Marc-André Bernier.
5:31 of 3rd period - Deflect By Davis Drewiske.
5:31 of 3rd period - Stopped by Sergei Bobrovsky without a rebound.
5:32 of 3rd period - Shane Prince wins face-off versus Darren Kramer in Atomiques zone.
5:35 of 3rd period - Slapshot by Marc-André Bernier.
5:35 of 3rd period - Shot Misses the Net.
5:37 of 3rd period - Backhand shot by Shane Prince.
5:37 of 3rd period - Stopped by Sergei Bobrovsky with a rebound.
5:39 of 3rd period - Slapshot by Shane Prince.
5:39 of 3rd period - Shot Blocked by Andrew Kozek.
5:55 of 3rd period - Ryan Dzingel is hit by Mitch Callahan and loses puck.
6:44 of 3rd period - Dylan Blujus is hit by Ryan Shannon and loses puck.
7:13 of 3rd period - Kyle Wharton is hit by Tomas Jurco and loses puck.
7:18 of 3rd period - Snap shot by Tomas Jurco.
7:18 of 3rd period - Shot Blocked by Marc-André Cliche.
7:20 of 3rd period - Slapshot by Ryan Dzingel.
7:20 of 3rd period - Shot Misses the Net.
7:22 of 3rd period - Slapshot by Keegan Lowe.
7:22 of 3rd period - Shot Blocked by Kyle Wharton.
7:24 of 3rd period - Snap shot by Dylan Blujus.
7:24 of 3rd period - Stopped by Sergei Bobrovsky without a rebound.
7:25 of 3rd period - Stephane Da Costa wins face-off versus Kenndal McArdle in Atomiques zone.
7:32 of 3rd period - Snap shot by Chris Thorburn.
7:32 of 3rd period - Goal by Chris Thorburn - Senators : 3 - Atomiques : 2.
7:33 of 3rd period - Marc-André Cliche wins face-off versus Stephane Da Costa in neutral zone.
8:27 of 3rd period - Snap shot by Patrick Bordeleau.
8:27 of 3rd period - Goal by Patrick Bordeleau - Senators : 4 - Atomiques : 2.
8:28 of 3rd period - Marc-André Cliche wins face-off versus Stephane Da Costa in neutral zone.
8:37 of 3rd period - Wrist shot by Ryan Shannon.
8:37 of 3rd period - Stopped by Brad Thiessen with a rebound.
8:53 of 3rd period - Shane Sims is hit by Kenndal McArdle and loses puck.
9:14 of 3rd period - Backhand shot by Patrick Bordeleau.
9:14 of 3rd period - Shot Misses the Net.
9:16 of 3rd period - Slapshot by Marc-André Bernier.
9:16 of 3rd period - Stopped by Sergei Bobrovsky with a rebound.
9:18 of 3rd period - Snap shot by Shane Prince.
9:18 of 3rd period - Shot Misses the Net.
9:20 of 3rd period - Slapshot by Dylan Blujus.
9:20 of 3rd period - Shot Blocked by Davis Drewiske.
9:22 of 3rd period - Wrist shot by Marc-André Bernier.
9:22 of 3rd period - Stopped by Sergei Bobrovsky without a rebound.
9:23 of 3rd period - Brett Sutter wins face-off versus Stephane Da Costa in Atomiques zone.
9:25 of 3rd period - Minor Penalty to Brett Sutter for Roughing.
9:26 of 3rd period - Stephane Da Costa wins face-off versus Dwight King in Atomiques zone.
9:30 of 3rd period - Snap shot by Chris Thorburn.
9:30 of 3rd period - Stopped by Sergei Bobrovsky without a rebound.
9:30 of 3rd period - Minor Penalty to Sergei Bobrovsky for Delaying the game.
9:31 of 3rd period - Dwight King wins face-off versus Stephane Da Costa in Atomiques zone.
9:31 of 3rd period - Dwight King is hit by Stephane Da Costa.
9:45 of 3rd period - Snap shot by Stephane Da Costa.
9:45 of 3rd period - Stopped by Sergei Bobrovsky with a rebound.
9:47 of 3rd period - Snap shot by Chris Thorburn.
9:47 of 3rd period - Shot Misses the Net.
11:12 of 3rd period - Minor Penalty to Patrick Wey for Hooking.
11:13 of 3rd period - Stephane Da Costa wins face-off versus Dwight King in Senators zone.
11:18 of 3rd period - Wrist shot by Jeff Petry.
11:18 of 3rd period - Deflect By Dwight King.
11:18 of 3rd period - Stopped by Sergei Bobrovsky with a rebound.
11:25 of 3rd period - Penalty to Brett Sutter is over, Brett Sutter is back on ice.
11:30 of 3rd period - Penalty to Davis Drewiske is over, Davis Drewiske is back on ice.
11:40 of 3rd period - Snap shot by Brett Sutter.
11:40 of 3rd period - Shot Misses the Net.
11:42 of 3rd period - Snap shot by Brett Sutter.
11:42 of 3rd period - Shot Misses the Net.
11:44 of 3rd period - Slapshot by Kyle Wharton.
11:44 of 3rd period - Deflect By Gabriel Bourque.
11:44 of 3rd period - Stopped by Brad Thiessen without a rebound.
11:45 of 3rd period - Stephane Da Costa wins face-off versus Marc-André Cliche in Senators zone.
11:50 of 3rd period - Gabriel Landeskog is hit by Ryan Shannon.
12:11 of 3rd period - Davis Drewiske is hit by Keegan Lowe and loses puck.
12:20 of 3rd period - Backhand shot by Gabriel Bourque.
12:20 of 3rd period - Shot Blocked by Davis Drewiske.
12:22 of 3rd period - Snap shot by Gabriel Bourque.
12:22 of 3rd period - Deflect By Brett Sutter.
12:22 of 3rd period - Stopped by Sergei Bobrovsky with a rebound.
13:08 of 3rd period - Marc-André Cliche is hit by Patrick Bordeleau and loses puck.
13:12 of 3rd period - Penalty to Patrick Wey is over, Patrick Wey is back on ice.
13:23 of 3rd period - Snap shot by Ryan Shannon.
13:23 of 3rd period - Stopped by Brad Thiessen without a rebound.
13:24 of 3rd period - Tommy Wingels wins face-off versus Darren Kramer in Senators zone.
13:24 of 3rd period - Tommy Wingels is hit by Colby Cohen.
14:02 of 3rd period - Wrist shot by Kenndal McArdle.
14:02 of 3rd period - Shot Misses the Net.
14:06 of 3rd period - Snap shot by Kenndal McArdle.
14:06 of 3rd period - Goal by Kenndal McArdle - Senators : 4 - Atomiques : 3.
14:07 of 3rd period - Marc-André Cliche wins face-off versus Stephane Da Costa in neutral zone.
14:55 of 3rd period - Nicolas Deslauriers is hit by Bobby Farnham and loses puck.
15:27 of 3rd period - Jeff Petry is hit by Dwight King.
15:53 of 3rd period - Snap shot by Chris Thorburn.
15:53 of 3rd period - Stopped by Sergei Bobrovsky with a rebound.
15:55 of 3rd period - Slapshot by Nicolas Deslauriers.
15:55 of 3rd period - Stopped by Sergei Bobrovsky with a rebound.
16:23 of 3rd period - Darren Kramer is hit by Gabriel Bourque and loses puck.
16:58 of 3rd period - Wrist shot by Stephane Da Costa.
16:58 of 3rd period - Goal by Stephane Da Costa - Senators : 5 - Atomiques : 3.
16:59 of 3rd period - Marc-André Cliche wins face-off versus Marc-André Bernier in neutral zone.
17:01 of 3rd period - Off-side.
17:02 of 3rd period - Marc-André Cliche wins face-off versus Shane Prince in neutral zone.
17:05 of 3rd period - Patrick Wey is hit by Ryan Shannon and loses puck.
17:41 of 3rd period - Slapshot by Kyle Wharton.
17:41 of 3rd period - Deflect By Andrew Kozek.
17:41 of 3rd period - Stopped by Brad Thiessen with a rebound.
17:51 of 3rd period - Wrist shot by Tomas Jurco.
17:51 of 3rd period - Stopped by Sergei Bobrovsky without a rebound.
17:52 of 3rd period - Brett Sutter wins face-off versus Zemgus Girgensons in Atomiques zone.
18:09 of 3rd period - Nicolas Deslauriers is hit by Corey Tropp and loses puck.
18:24 of 3rd period - Wrist shot by Chris Thorburn.
18:24 of 3rd period - Shot Misses the Net.
18:26 of 3rd period - Slapshot by Gabriel Landeskog.
18:26 of 3rd period - Shot Misses the Net.
18:28 of 3rd period - Snap shot by Stephane Da Costa.
18:28 of 3rd period - Shot Blocked by Colby Cohen.
18:30 of 3rd period - Snap shot by Stephane Da Costa.
18:30 of 3rd period - Shot Blocked by Corey Tropp.
18:32 of 3rd period - Snap shot by Chris Thorburn.
18:32 of 3rd period - Stopped by Sergei Bobrovsky with a rebound.
18:51 of 3rd period - Slapshot by Shayne Gostisbehere.
18:51 of 3rd period - Stopped by Brad Thiessen with a rebound.
19:03 of 3rd period - Andrew Kozek is hit by Chris Thorburn and loses puck.
19:10 of 3rd period - Jonas Junland is hit by Chris Thorburn and loses puck.
Goals for this period are 3 for Senators vs 2 for Atomiques.
Shots for this period are 19 for Senators vs 12 for Atomiques.